 Dungeon Crawl Stone Soup version 0.17.0-28-g6e173f8 (console) character file.

123 Kloppie the Chiller (level 4, -17/33 HPs)
             Began as a Draconian Ice Elementalist on Dec 3, 2015.
             Killed from afar by Ijyb (22 damage)
             ... with a wand of fire
             ... on level 3 of the Dungeon.
             The game lasted 00:05:03 (2763 turns).

Kloppie the Chiller (Draconian Ice Elementalist)    Turns: 2763, Time: 00:05:03

Health: -17/33     AC:  6    Str: 10    XL:     4   Next: 79%
Magic:  5/9        EV: 12    Int: 17    God:
Gold:   124        SH:  0    Dex: 11    Spells: 3 memorised, 1 level left

rFire  . . .     SeeInvis .     o - +0 flail
rCold  . . .     Clarity  .     (armour unavailable)
rNeg   . . .     SustAt   .     (no shield)
rPois  .         Gourm    .     (helmet restricted)
rElec  .         Spirit   .     (no cloak)
rCorr  .         Warding  .     k - +0 pair of gloves
rMut   .         Stasis   .     (no boots)
MR     .....                    (no amulet)
Stlth  ++........               (no ring)
                                (no ring)

@: not resistant to hostile enchantments, unstealthy
A: unfitting armour, cold-blooded, AC +5
a: no special abilities


You were on level 3 of the Dungeon.
You were not hungry.

You visited 1 branch of the dungeon, and saw 3 of its levels.

You collected 124 gold pieces.

Inventory:

Hand Weapons
 o - a +0 flail (weapon)
Armour
 k - a +0 pair of gloves (worn)
Wands
 m - a wand of enslavement (17)
Scrolls
 g - 2 scrolls of remove curse {unknown}
 l - a scroll of teleportation {unknown}
Potions
 c - a potion of haste {unknown}
 d - 2 potions of lignification {unknown}
 e - 2 potions of curing
 f - a potion of beneficial mutation {unknown}
 h - a potion of might {unknown}
 j - 2 potions of flight {unknown}
Books
 a - a book of Frost

   Spells                             Type                      Level
   a - Freeze                         Ice                          1
   b - Throw Frost                    Conjuration/Ice              2
   c - Ozocubu's Armour               Charms/Ice                   3
   d - Throw Icicle                   Conjuration/Ice              4
   e - Summon Ice Beast               Ice/Summoning                4
   f - Condensation Shield            Ice                          4
Comestibles
 b - 2 bread rations
 n - 3 fruits


   Skills:
 - Level 1.7 Dodging
 - Level 1.7 Stealth
 - Level 3.3 Spellcasting
   Level 1.0 Conjurations
 + Level 1.3 Summonings
 + Level 4.3 Ice Magic


You had one spell level left.
You knew the following spells:

 Your Spells              Type           Power        Failure   Level  Hunger
a - Freeze                Ice            ###.         2%          1    None
b - Ozocubu's Armour      Chrm/Ice       ##......     21%         3    ###....
c - Summon Ice Beast      Ice/Summ       ##......     58%         4    ####...


Dungeon Overview and Level Annotations

Branches:
Dungeon (3/15)

Altars:

Annotations:
D:3 Ijyb


Innate Abilities, Weirdness & Mutations

Your plain brown scales are hard (AC +5).
Your body does not fit into most forms of armour.
You are cold-blooded and may be slowed by cold attacks.


Message History

* * * LOW HITPOINT WARNING * * *
It is a wand of fire.
You start resting.
Casting: Freeze
Confirm with . or Enter, or press ? or * to list all spells.
A film of ice covers your body!
Ijyb zaps a wand.
The bolt of fire hits you!
* * * LOW HITPOINT WARNING * * *
The heat melts your icy armour.
Ijyb zaps a wand.
The bolt of fire misses you.
Casting: Ozocubu's Armour
Confirm with . or Enter, or press ? or * to list all spells.
Aiming: Freeze
Press: ? - help, Shift-Dir - straight line, f - Ijyb
Aim: Ijyb, carrying a wand of fire {zapped: 3} You freeze Ijyb.
Ijyb is lightly wounded.
Ijyb zaps a wand.
The bolt of fire hits you!
Your icy armour melts away.
Ouch! That really hurt!
You die...

.. ####.##.##....... ...
....##.##....... #g.
#..##.##.......
#..####..##.##.......
...........#########
....#..#### #
#.#..#######.....
#########g...............
........@)..(........####
#####################


You could see Ijyb.

Vanquished Creatures
  Natasha (D:2)
  2 adders (D:2)
  2 oozes
  2 worms (D:2)
  A giant gecko (D:1)
  An orc (D:3)
  4 bats
  5 giant cockroaches (D:1)
  14 hobgoblins
  9 jackals (D:2)
  3 kobolds
  A ball python (D:1)
  3 giant newts
  5 goblins
  9 rats
62 creatures vanquished.

Notes
Turn   | Place    | Note
--------------------------------------------------------------
     0 | D:1      | Kloppie the Draconian Ice Elementalist began the quest for the Orb.
     0 | D:1      | Reached XP level 1. HP: 14/14 MP: 3/3
   244 | D:1      | Reached XP level 2. HP: 5/20 MP: 0/5
   975 | D:1      | Reached XP level 3. HP: 22/26 MP: 1/7
  1367 | D:1      | Learned a level 3 spell: Ozocubu's Armour
  1933 | D:2      | Reached XP level 4. HP: 33/33 MP: 5/8
  1965 | D:2      | Learned a level 4 spell: Summon Ice Beast
  2061 | D:2      | Reached skill level 4 in Ice Magic
  2469 | D:2      | Noticed Natasha
  2480 | D:2      | Killed Natasha
  2480 | D:2      | Reached skill level 1 in Summonings
  2753 | D:3      | Noticed Ijyb
  2763 | D:3      | Killed from afar by Ijyb

Action                   |  1- 3 |  4- 6 || total
-------------------------+-------+-------++-------
Melee: Whip              |    31 |       ||    31
       Unarmed           |     5 |       ||     5
       Mace              |    12 |    40 ||    52
       Flail             |       |    14 ||    14
 Cast: Freeze            |    51 |    12 ||    63
       Ozocubu's Armour  |       |     1 ||     1
 Stab: Sleeping          |     3 |     1 ||     4
  Eat: Chunk             |     3 |     3 ||     6
